[Event "ICCopen2017"]
[Site "Internet Chess Club"]
[Date "2017.03.19"]
[Round "3"]
[White "someyoungguy"]
[Black "GolfPro"]
[Result "0-1"]
[ICCResult "White resigns"]
[WhiteElo "1245"]
[BlackElo "1855"]
[Opening "KP: Indian opening"]
[ECO "C20"]
[NIC "KP.10"]
[Time "19:35:22"]
[TimeControl "180+0"]

1. e4 e5 2. d3 Nf6 3. Nc3 Nc6 4. Be3 Bb4 5. Be2 d5 6. exd5 Nxd5 7. Bd2 Nxc3
8. bxc3 Bd6 9. c4 O-O 10. Qb1 Nd4 11. c3 Nxe2 12. Nxe2 b6 13. O-O Bb7 14.
Ng3 f5 15. d4 exd4 16. cxd4 Bxg3 17. fxg3 Qxd4+ 18. Rf2 Rae8 19. Qc1 Re2 20.
Be1 Rfe8 21. Qd1 Qxd1 22. Rxd1 Rxe1+ 23. Rf1 Rxf1+ 24. Rxf1 g6 25. h4 Re2
26. Rd1 Rxg2+ 27. Kf1 Rxa2 28. Rd8+ Kg7 29. Rd7+ Kh6 30. Rxc7 Be4 31. g4
fxg4 32. Re7 Bf5 33. Ke1 a5 34. Re5 a4 35. c5 bxc5 36. Rxc5 a3 37. Rc3 Ra1+
38. Kd2 a2 39. Ra3 Rh1 {White resigns} 0-1

[Event "ICCopen2017"]
[Site "Internet Chess Club"]
[Date "2017.03.19"]
[Round "3"]
[White "Bozhenka"]
[Black "LittleMaster"]
[Result "1-0"]
[ICCResult "Black checkmated"]
[WhiteElo "2864"]
[BlackElo "2297"]
[Opening "QGD: Marshall defense"]
[ECO "A50"]
[NIC "QP.07"]
[Time "19:34:30"]
[TimeControl "180+0"]

1. d4 Nf6 2. c4 d5 3. cxd5 Qxd5 4. Nc3 Qd8 5. e4 e6 6. Nf3 Bb4 7. Bd3 Nc6 8.
O-O O-O 9. a3 Be7 10. Bc2 Nd7 11. Qd3 e5 12. d5 Ncb8 13. b4 Bd6 14. Rb1 b6
15. Bb3 a5 16. Bc4 axb4 17. axb4 Na6 18. Ba3 Qf6 19. Rfc1 Qh6 20. Bb5 Nab8
21. Ne2 g6 22. Ng3 Ba6 23. Bxa6 Nxa6 24. Qb3 Nf6 25. h3 Rfc8 26. Bb2 Re8 27.
Ra1 Nxb4 28. Nxe5 Rxa1 29. Rxa1 Bxe5 30. Bxe5 Rxe5 31. Qxb4 Qf8 32. Qc3 Qe8
33. f3 Nh5 34. Nxh5 Rxh5 35. Qxc7 Qb5 36. Ra8+ Kg7 37. Qd8 Qc5+ 38. Kh2 Qe3
39. Qh8+ Kh6 40. Qf8+ Kg5 41. Qxf7 Qf2 42. Qe7+ Kf4 43. Qf6+ Ke3 44. Ra3+
Kd2 45. Qb2+ Kd1 46. Ra1# {Black checkmated} 1-0

[Event "ICCopen2017"]
[Site "Internet Chess Club"]
[Date "2017.03.19"]
[Round "3"]
[White "METALCHESS"]
[Black "chigato"]
[Result "1-0"]
[ICCResult "Black resigns"]
[WhiteElo "2011"]
[BlackElo "1672"]
[Opening "Réti opening"]
[ECO "A11"]
[NIC "RE.07"]
[Time "19:35:57"]
[TimeControl "180+0"]

1. Nf3 c6 2. c4 d5 3. g3 Be6 4. cxd5 cxd5 5. Bg2 Qd7 6. d4 f6 7. O-O Nc6 8.
Nc3 Bf7 9. a3 e6 10. b4 a6 11. Na4 Qc7 12. Nc5 Bd6 13. Bd2 b6 14. Nd3 Nge7
15. Rc1 O-O 16. Re1 Qb7 17. Bf4 Qb8 18. Bxd6 Qxd6 19. Nf4 e5 20. dxe5 fxe5
21. Nh3 Rfd8 22. Qd2 h6 23. Nh4 Be6 24. f4 exf4 25. Nxf4 Bf7 26. Nf3 g5 27.
Nd3 Rac8 28. Rf1 Kg7 29. Qb2+ d4 30. Nd2 Ne5 31. Ne4 Qe6 32. Rxc8 Nxc8 33.
Qc2 Nc4 34. Qc1 N8d6 35. Rf6 Qe5 36. Nxe5 Nxe5 37. Rxd6 {Black resigns} 1-0

[Event "ICCopen2017"]
[Site "Internet Chess Club"]
[Date "2017.03.19"]
[Round "3"]
[White "Sc6"]
[Black "bennywins"]
[Result "0-1"]
[ICCResult "White forfeits on time"]
[WhiteElo "1580"]
[BlackElo "1450"]
[Opening "King's pawn game"]
[ECO "C50"]
[NIC "IG.03"]
[Time "19:34:12"]
[TimeControl "180+0"]

1. e4 e5 2. Nf3 Nc6 3. Bc4 a6 4. d3 Nf6 5. Ng5 d5 6. exd5 Nxd5 7. Qf3 Be6 8.
Nxe6 fxe6 9. O-O Qf6 10. Qe2 O-O-O 11. c3 Bd6 12. a4 Nb6 13. Bb3 Rhf8 14.
Be3 h6 15. Bxb6 cxb6 16. Nd2 Bc5 17. Ne4 Qe7 18. Nxc5 Qxc5 19. Bxe6+ Kb8 20.
Rad1 Rd6 21. Bb3 Na5 22. Bc2 Rg6 23. Rde1 Re6 24. Qe4 Qc6 25. Qxc6 Nxc6 26.
d4 Ne7 27. Bb3 Ref6 28. Rxe5 Nf5 29. d5 Nh4 30. Re6 Rf5 31. d6 Rg5 32. g3
Nf3+ 33. Kg2 Nd2 34. d7 Rd8 35. Re8 Kc7 36. Be6 Nxf1 37. Kxf1 Re5 38. Re7
Kd6 39. Re8 Kc7 40. f4 Ra5 41. b3 Rc5 42. c4 b5 43. axb5 axb5 44. Re7 bxc4
45. bxc4 Ra5 46. Rxg7 Ra1+ 47. Kg2 Re1 48. f5 Re2+ 49. Kh3 Rc2 50. g4 Rd2
51. f6 Rd3+ 52. Kh4 Rd2 53. h3 Rf2 54. Bf5 Rd2 55. Re7 Rd6 56. f7 Rf6 57.
Re8 Rxf7 58. Be6 Re7 59. Kh5 Rexe8 60. dxe8=Q Rxe8 61. Bf5 Re7 62. Kxh6 Rd7
63. Kg6 Rd8 64. h4 Kb8 65. h5 Kc7 66. h6 Re8 67. Kg7 Rg8+ 68. Kxg8 Kb6 69.
h7 Ka7 {White forfeits on time} 0-1

[Event "ICCopen2017"]
[Site "Internet Chess Club"]
[Date "2017.03.19"]
[Round "3"]
[White "nikenwidiartto"]
[Black "cap78red"]
[Result "1-0"]
[ICCResult "Black checkmated"]
[WhiteElo "1765"]
[BlackElo "1399"]
[Opening "Alekhine's defense: exchange variation"]
[ECO "B03"]
[NIC "AL.08"]
[Time "19:35:21"]
[TimeControl "180+0"]

1. e4 Nf6 2. e5 Nd5 3. d4 d6 4. c4 Nb6 5. exd6 exd6 6. Nc3 Nc6 7. h3 Be7 8.
Nf3 O-O 9. Bd3 Bd7 10. Be3 Nb4 11. Be2 d5 12. c5 Nc4 13. Bxc4 dxc4 14. O-O
Bc6 15. Ne5 Nd5 16. Nxc4 Nxe3 17. fxe3 b6 18. Ne5 Bd5 19. c6 f6 20. e4 fxe5
21. exd5 exd4 22. Ne2 Rxf1+ 23. Kxf1 Qxd5 24. Nxd4 Rd8 25. Qb3 Qxb3 26. Nxb3
Rd6 27. Rc1 Bg5 28. Rc2 Be3 29. Ke2 Bf4 30. Kf3 Rf6 31. Nd4 Be5+ 32. Ke4
Bxd4 33. Kxd4 Kf7 34. b4 b5 35. Kc5 a6 36. Rd2 Ke7 37. Rd7+ Ke8 38. Rxc7
Rf5+ 39. Kb6 Kd8 40. Rxg7 h5 41. c7+ Ke8 42. Rg8+ Kf7 43. c8=Q Rf6+ 44. Ka5
h4 45. Qe8# {Black checkmated} 1-0

[Event "ICCopen2017"]
[Site "Internet Chess Club"]
[Date "2017.03.19"]
[Round "3"]
[White "AlonzoMosely"]
[Black "Maxbet"]
[Result "0-1"]
[ICCResult "White forfeits on time"]
[WhiteElo "2315"]
[BlackElo "2899"]
[Opening "Nimzo-Indian: classical, Noa variation, 5.cd ed"]
[ECO "E35"]
[NIC "NI.23"]
[Time "19:35:19"]
[TimeControl "180+0"]

1. d4 Nf6 2. c4 e6 3. Nc3 Bb4 4. Qc2 d5 5. cxd5 exd5 6. Bf4 O-O 7. e3 c5 8.
dxc5 Qa5 9. Bd3 Nbd7 10. Ne2 Nxc5 11. O-O Nxd3 12. Qxd3 Be6 13. a3 Be7 14.
Nd4 Rac8 15. Rfc1 a6 16. Nce2 Qb6 17. Nxe6 fxe6 18. b4 Ne4 19. Bg3 Bf6 20.
Rab1 Qb5 21. Qd1 Rc4 22. Rxc4 dxc4 23. Bf4 c3 24. f3 Rd8 25. Qe1 Nd2 26. Rc1
Qd3 27. e4 c2 28. e5 Be7 29. Qxd2 Qxd2 30. Bxd2 Rxd2 31. Kf2 Bg5 32. Ke1
Rxe2+ {White forfeits on time} 0-1

[Event "ICCopen2017"]
[Site "Internet Chess Club"]
[Date "2017.03.19"]
[Round "3"]
[White "Fischerboy"]
[Black "BillietheKid"]
[Result "1-0"]
[ICCResult "Black forfeits on time"]
[WhiteElo "1605"]
[BlackElo "1384"]
[Opening "Sicilian: Smith-Morra gambit"]
[ECO "B21"]
[NIC "SI.48"]
[Time "19:34:47"]
[TimeControl "180+0"]

1. e4 c5 2. d4 cxd4 3. c3 dxc3 4. Nxc3 Nf6 5. Bc4 e6 6. Nf3 Nc6 7. Qe2 d6 8.
Bg5 Be7 9. O-O O-O 10. Rfd1 Qc7 11. Rac1 a6 12. Bb3 e5 13. Nd5 Nxd5 14. exd5
Bxg5 15. Nxg5 Qe7 16. Nxh7 Nd4 17. Qh5 Re8 18. Rd3 Bf5 19. Rh3 Bxh3 20. Qxh3
Ne2+ 21. Kf1 Nxc1 22. Bc2 e4 23. Qh5 Nd3 24. Ng5 Qf6 25. Qh7+ Kf8 26. Qh8+
Ke7 27. Qh4 Nxf2 28. Qxf2 Qxg5 29. Bxe4 {Black forfeits on time} 1-0

[Event "ICCopen2017"]
[Site "Internet Chess Club"]
[Date "2017.03.19"]
[Round "3"]
[White "GoogleGirl"]
[Black "chesscomet"]
[Result "1-0"]
[ICCResult "Black resigns"]
[WhiteElo "1836"]
[BlackElo "1684"]
[Opening "King's Indian: Petrosian system, main line"]
[ECO "E93"]
[NIC "KI.12"]
[Time "19:34:42"]
[TimeControl "180+0"]

1. d4 Nf6 2. c4 g6 3. Nc3 Bg7 4. e4 d6 5. Nf3 O-O 6. Be2 e5 7. d5 Nbd7 8.
O-O Ne8 9. Ne1 Nc5 10. Nd3 Nxd3 11. Bxd3 c6 12. Be3 Nc7 13. f3 Bd7 14. Rc1
Rc8 15. b4 a6 16. a4 cxd5 17. cxd5 b5 18. a5 f5 19. Qe2 f4 20. Bf2 Qe7 21.
Rc2 h5 22. Rfc1 Ne8 23. Nd1 Rxc2 24. Rxc2 Nf6 25. Rc7 Rc8 26. Qc2 Rxc7 27.
Qxc7 g5 28. Qa7 Qd8 29. Qxa6 Qc7 30. Be2 Qc2 31. Qa8+ Kh7 32. Kf1 g4 33. Qb7
gxf3 34. gxf3 Bh3+ 35. Ke1 Ne8 36. Qc6 Nf6 37. Qxc2 {Black resigns} 1-0

[Event "ICCopen2017"]
[Site "Internet Chess Club"]
[Date "2017.03.19"]
[Round "3"]
[White "juandeperea"]
[Black "vbtry3"]
[Result "1-0"]
[ICCResult "Black forfeits on time"]
[WhiteElo "1942"]
[BlackElo "1674"]
[Opening "Petrov: classical attack"]
[ECO "C42"]
[NIC "RG.04"]
[Time "19:34:18"]
[TimeControl "180+0"]

1. e4 e5 2. Nf3 Nf6 3. Nxe5 d6 4. Nf3 Nxe4 5. d4 d5 6. Bd3 Nc6 7. Nc3 Bf5 8.
O-O Be7 9. Re1 Nxc3 10. bxc3 Bxd3 11. Qxd3 O-O 12. Bf4 h6 13. Re2 Bd6 14.
Bxd6 Qxd6 15. Rae1 a6 16. Ne5 Ne7 17. Qg3 Ng6 18. Nxg6 Qxg6 19. Qxg6 fxg6
20. Re7 Rf7 21. f3 Raf8 22. R7e6 Rf6 23. Kf2 Rxe6 24. Rxe6 Kf7 25. Re3 c6
26. a4 a5 27. Re1 Rb8 28. Rb1 b5 29. Ke3 Ke6 30. Kd3 Kd6 31. h4 Kc7 32. Re1
Kd7 33. Ra1 Kd6 34. axb5 Rxb5 35. c4 dxc4+ 36. Kxc4 Kc7 37. Re1 Kb6 38. g4
g5 39. h5 a4 40. Ra1 Ra5 41. Kb4 Ra8 42. Rxa4 Re8 43. Kc4 Re3 44. Rb4+ Kc7
45. Rb3 {Black forfeits on time} 1-0

[Event "ICCopen2017"]
[Site "Internet Chess Club"]
[Date "2017.03.19"]
[Round "3"]
[White "Chessjester"]
[Black "ChessMind"]
[Result "1-0"]
[ICCResult "Black resigns"]
[WhiteElo "1855"]
[BlackElo "1491"]
[Opening "English opening"]
[ECO "A20"]
[NIC "EO.24"]
[Time "19:35:06"]
[TimeControl "180+0"]

1. c4 e5 2. g3 Nf6 3. Bg2 Bc5 4. Nc3 O-O 5. Nf3 Nc6 6. Nxe5 Bxf2+ 7. Kxf2
Nxe5 8. Rf1 d6 9. d3 h6 10. Kg1 c6 11. b3 Bg4 12. h3 Be6 13. d4 Ng6 14. e4
d5 15. cxd5 cxd5 16. e5 Ne8 17. Ba3 Ne7 18. Qf3 a6 19. Bxe7 Qxe7 20. Nxd5
Bxd5 21. Qxd5 Rb8 22. Rac1 Nc7 23. Qe4 Rfd8 24. Rfd1 Nd5 25. Qf5 Qe6 26. Qf3
Rd7 27. h4 Rbd8 28. Kh2 b5 29. Bh3 Qb6 30. Bxd7 {Black resigns} 1-0

[Event "ICCopen2017"]
[Site "Internet Chess Club"]
[Date "2017.03.19"]
[Round "3"]
[White "M-Ezat"]
[Black "OparinGrigoriy"]
[Result "0-1"]
[ICCResult "White resigns"]
[WhiteElo "2276"]
[BlackElo "2806"]
[Opening "Nimzo-Indian: Sämisch variation"]
[ECO "E29"]
[NIC "NI.11"]
[Time "19:35:01"]
[TimeControl "180+0"]

1. d4 Nf6 2. c4 e6 3. Nc3 Bb4 4. e3 O-O 5. a3 Bxc3+ 6. bxc3 c5 7. Bd3 b6 8.
Ne2 Bb7 9. O-O Ne8 10. e4 Nc6 11. Be3 Na5 12. dxc5 bxc5 13. Bxc5 d6 14. Be3
Qc7 15. Ng3 Nxc4 16. Bxc4 Qxc4 17. Qd4 Qc7 18. f4 e5 19. Qd2 Nf6 20. fxe5
dxe5 21. Rxf6 gxf6 22. Bh6 Rfd8 23. Qf2 Qb6 24. Be3 Qe6 25. Nf5 Kh8 26. Qh4
Rg8 27. Rf1 Rg6 28. h3 Rag8 29. Rf2 Qc6 30. Ne7 Qxe4 31. Nxg6+ Rxg6 32. Qxe4
Bxe4 33. Bxa7 f5 34. Bb8 f6 35. a4 Rg8 36. Bd6 Kg7 37. c4 Ra8 38. Ra2 Kf7
39. a5 Ke6 40. c5 Bd3 41. Ra3 Bc4 42. Kf2 f4 43. Rc3 Kd5 44. Ra3 h5 45. Be7
Ke6 46. Bd6 h4 47. Rc3 Bd5 48. Ra3 Rg8 49. a6 Rxg2+ 50. Kf1 Rg3 51. a7 Rxa3
52. c6 Ra1+ 53. Kf2 Bxc6 54. Bc5 Ba8 {White resigns} 0-1

[Event "ICCopen2017"]
[Site "Internet Chess Club"]
[Date "2017.03.19"]
[Round "3"]
[White "biljanic"]
[Black "ComeonJimtal"]
[Result "1-0"]
[ICCResult "Black checkmated"]
[WhiteElo "2036"]
[BlackElo "1710"]
[Opening "Trompowsky attack (Ruth, Opocenský opening)"]
[ECO "A45"]
[NIC "QP.07"]
[Time "19:35:30"]
[TimeControl "180+0"]

1. d4 Nf6 2. Bg5 Ne4 3. h4 d6 4. e3 b6 5. Nd2 Bb7 6. Nxe4 Bxe4 7. Nf3 Nd7 8.
Bd3 Bb7 9. a4 a5 10. e4 h6 11. Bf4 g6 12. Qe2 Bg7 13. e5 O-O 14. Qe3 Bxf3
15. gxf3 dxe5 16. dxe5 h5 17. e6 Bxb2 18. Rb1 Bc3+ 19. Ke2 Nf6 20. exf7+
Rxf7 21. Rhg1 Nd5 22. Rxg6+ Bg7 23. Rxg7+ Kxg7 24. Rg1+ Kh8 25. Be5+ Rg7 26.
Qh6+ Kg8 27. Qxg7# {Black checkmated} 1-0

[Event "ICCopen2017"]
[Site "Internet Chess Club"]
[Date "2017.03.19"]
[Round "3"]
[White "Federicov"]
[Black "adypady"]
[Result "1-0"]
[ICCResult "Black resigns"]
[WhiteElo "3107"]
[BlackElo "2446"]
[Opening "King's Indian: Makagonov system (5.h3)"]
[ECO "E71"]
[NIC "KI.30"]
[Time "19:35:47"]
[TimeControl "180+0"]

1. d4 Nf6 2. c4 g6 3. Nc3 Bg7 4. e4 d6 5. h3 O-O 6. Bg5 c5 7. d5 e6 8. Bd3
exd5 9. exd5 Re8+ 10. Be3 Nbd7 11. Nf3 a6 12. O-O b5 13. cxb5 Nb6 14. Bg5 h6
15. Bh4 Bb7 16. bxa6 Bxd5 17. Bb5 Bxf3 18. Qxf3 Re5 19. Rad1 d5 20. a4 Rf5
21. Qd3 d4 22. Ne4 g5 23. Bg3 Nfd5 24. Nxc5 Qf6 25. Ne4 Qg6 26. Nd6 Rf6 27.
Qxg6 Rxg6 28. Nf5 Bf8 29. Rxd4 Rf6 30. Ne3 Nxe3 31. fxe3 Re6 32. a5 Bc5 33.
axb6 Rxe3 34. b7 Bxd4 35. bxa8=Q+ Re8+ 36. Bf2 Bxf2+ 37. Kxf2 Rxa8 38. Ra1
Rb8 39. a7 {Black resigns} 1-0

[Event "ICCopen2017"]
[Site "Internet Chess Club"]
[Date "2017.03.19"]
[Round "3"]
[White "NEO2017"]
[Black "MassCarnage"]
[Result "1-0"]
[ICCResult "Black forfeits on time"]
[WhiteElo "1824"]
[BlackElo "1870"]
[Opening "Polish defense"]
[ECO "A40"]
[NIC "QO.17"]
[Time "19:34:14"]
[TimeControl "180+0"]

1. d4 b5 2. e4 a6 3. f3 Bb7 4. Be3 Nf6 5. c3 e6 6. Bd3 d6 7. Ne2 Nbd7 8. Nd2
c5 9. O-O Qb6 10. Bf2 Qd8 11. Ng3 h5 12. a4 c4 13. Bc2 h4 14. Ne2 h3 15. g3
g5 16. f4 gxf4 17. Nxf4 e5 18. Ne2 Ng4 19. Nf3 Bh6 20. Nh4 Nxf2 21. Kxf2 Nf6
22. dxe5 Qb6+ 23. Qd4 Qxd4+ 24. Nxd4 Nxe4+ 25. Bxe4 Bxe4 26. exd6 O-O-O 27.
Rae1 Bd3 28. Rg1 Rxd6 29. Nhf5 Rf6 30. Re5 Rd8 31. g4 Bf4 32. Rc5+ Kb7 33.
axb5 Be4 34. bxa6+ Kb6 35. Rxc4 Bxh2 36. Ra1 Ka7 37. Nb5+ Kb6 38. Rxe4 Kxb5
39. a7 Bc7 40. Rh1 h2 41. Kg2 Rd2+ 42. Kf3 Rd8 43. Re2 Ra8 44. Rexh2 Bxh2
45. Rxh2 Rxa7 46. Rd2 Ra2 47. c4+ Kc6 48. Rc2 Kc5 49. Ke3 Kb4 50. Kd3 Kb3
51. Rc3+ Kxb2 52. c5 Kb1 53. Kc4 {Black forfeits on time} 1-0

[Event "ICCopen2017"]
[Site "Internet Chess Club"]
[Date "2017.03.19"]
[Round "3"]
[White "Red-white"]
[Black "Voltage"]
[Result "1-0"]
[ICCResult "Black resigns"]
[WhiteElo "3013"]
[BlackElo "2375"]
[Opening "Nimzo-Indian: Fischer variation, 5.Ne2"]
[ECO "E44"]
[NIC "NI.13"]
[Time "19:35:36"]
[TimeControl "180+0"]

1. d4 Nf6 2. c4 e6 3. Nc3 Bb4 4. e3 b6 5. Ne2 c5 6. a3 Ba5 7. Rb1 Qe7 8. d5
exd5 9. cxd5 Bxc3+ 10. Nxc3 O-O 11. Be2 d6 12. f3 a6 13. O-O b5 14. b4 Nbd7
15. e4 h6 16. Be3 Bb7 17. Qd2 Rac8 18. Rfe1 cxb4 19. Rxb4 Ne5 20. a4 bxa4
21. Nxa4 a5 22. Rbb1 Nc4 23. Bxc4 Rxc4 24. Nb6 Rb4 25. Rxb4 axb4 26. Qxb4
Re8 27. h3 Ba6 28. Qa3 Bb5 29. Rb1 Be2 30. Bf4 Nxe4 31. fxe4 Qxe4 32. Qb4
Bd3 33. Qxe4 Rxe4 34. Rd1 Bc2 35. Rc1 Bb3 36. Bxd6 {Black resigns} 1-0

[Event "ICCopen2017"]
[Site "Internet Chess Club"]
[Date "2017.03.19"]
[Round "3"]
[White "Pachec"]
[Black "EngHany"]
[Result "0-1"]
[ICCResult "White forfeits on time"]
[WhiteElo "1384"]
[BlackElo "1844"]
[Opening "QGD Slav"]
[ECO "D11"]
[NIC "QP.11"]
[Time "19:34:32"]
[TimeControl "180+0"]

1. Nf3 c6 2. c4 d5 3. e3 Nf6 4. d4 e6 5. Nbd2 Nbd7 6. Bd3 Bd6 7. O-O O-O 8.
a3 Re8 9. Qc2 e5 10. dxe5 Nxe5 11. Be2 Bg4 12. h3 Bh5 13. Rd1 Bg6 14. Qb3
Rb8 15. cxd5 Nxd5 16. Nd4 Nd7 17. Nc4 Nc5 18. Qa2 Bc7 19. b4 Nc3 20. Qd2
N5e4 21. Qe1 Nxd1 22. Bxd1 c5 23. Nb5 a6 24. Nxc7 Qxc7 25. f3 Nf6 26. bxc5
Qxc5 27. Be2 b5 28. Nb2 Nd5 29. Qf2 Qc3 30. e4 Nf6 31. Rb1 Rbd8 32. Bg5 Qc2
33. Bd3 Qxf2+ 34. Kxf2 Rd6 35. a4 b4 36. Be2 a5 37. Nc4 Ra6 38. Ne5 Raa8 39.
Nxg6 hxg6 40. Bb5 Rec8 41. Rb2 Rc3 42. Bd2 Ra3 43. Be3 Rc8 44. Bb6 Rac3 45.
Bxa5 Rc2+ 46. Rxc2 Rxc2+ 47. Kf1 b3 48. Bd3 Rc1+ 49. Ke2 b2 50. Bd2 b1=Q 51.
Bxb1 Rxb1 52. a5 Ra1 53. Kd3 Nd7 54. Kc4 Ra2 55. Bc3 Kf8 56. g4 Ke7 57. f4
Kd6 58. e5+ Kc6 59. Bb4 Rc2+ 60. Kb3 Rh2 61. a6 Rxh3+ 62. Kc4 Kb6
{White forfeits on time}
0-1

[Event "ICCopen2017"]
[Site "Internet Chess Club"]
[Date "2017.03.19"]
[Round "3"]
[White "lazywillis"]
[Black "watchout"]
[Result "0-1"]
[ICCResult "White forfeits on time"]
[WhiteElo "1112"]
[BlackElo "1403"]
[Opening "QGD: Tarrasch defense"]
[ECO "D32"]
[NIC "TD.06"]
[Time "19:34:44"]
[TimeControl "180+0"]

1. d4 d5 2. c4 e6 3. Nc3 c5 4. Nf3 Nc6 5. cxd5 exd5 6. e3 Nf6 7. g3 Be7 8.
Bg2 O-O 9. O-O Bg4 10. Qd3 c4 11. Qe2 Ne4 12. h3 Nxc3 13. bxc3 Bf5 14. Nd2
Bd3 15. Qg4 Bxf1 16. Kxf1 Qc8 17. Qxc8 Raxc8 18. Bxd5 b5 19. e4 Bg5 20. f4
Be7 21. Nf3 Rfd8 22. Be3 Kf8 23. Rb1 a6 24. a4 Na7 25. axb5 Nxb5 26. Bd2 Rb8
27. Ra1 Na3 28. Rxa3 Bxa3 29. Bxc4 Rb1+ 30. Ke2 Rdb8 31. Bxa6 Bc1 32. Bxc1
Rxc1 33. Kd3 Ra1 34. Bc4 Ra4 35. d5 Rc8 36. Bb5 Ra5 37. c4 Kg8 38. Kd4 Rb8
39. e5 Raxb5 40. cxb5 Rxb5 41. d6 Kf8 42. f5 Ke8 43. e6 fxe6 44. fxe6 Rb4+
45. Kc5 Rb3 46. d7+ Kd8 {White forfeits on time} 0-1

[Event "ICCopen2017"]
[Site "Internet Chess Club"]
[Date "2017.03.19"]
[Round "3"]
[White "Kusox"]
[Black "ALexiz"]
[Result "1-0"]
[ICCResult "Black forfeits on time"]
[WhiteElo "2077"]
[BlackElo "1706"]
[Opening "Queen's pawn game"]
[ECO "A46"]
[NIC "QP.06"]
[Time "19:34:48"]
[TimeControl "180+0"]

1. d4 Nf6 2. Nf3 e6 3. c3 d5 4. Bf4 Bd6 5. Bxd6 Qxd6 6. Nbd2 Nbd7 7. e3 O-O
8. Bd3 c5 9. O-O cxd4 10. exd4 b6 11. Re1 Bb7 12. a4 h6 13. a5 Bc6 14. Qb3
Rab8 15. Qa3 Qxa3 16. Rxa3 bxa5 17. b3 a4 18. b4 Rfc8 19. h3 Nb6 20. Ne5 Be8
21. f4 Nfd7 22. Ndf3 Nxe5 23. Nxe5 Nc4 24. Bxc4 dxc4 25. Rea1 a5 26. bxa5
Ra8 27. Kf2 Rxa5 28. Ke3 Rb8 29. R1a2 Ra6 30. Nf3 Rab6 31. Nd2 Rc8 32. Ne4
Rb3 33. Nc5 Rxa3 34. Rxa3 Ra8 35. Kd2 Bc6 36. g3 Kf8 37. Kc2 Ke7 38. Kb2 Kd6
39. Ra1 f6 40. Ka3 e5 41. fxe5+ fxe5 42. Rd1 exd4 43. cxd4 Kd5 44. Kb4 a3
45. Kc3 a2 46. Ra1 g5 47. h4 gxh4 48. gxh4 Ra3+ 49. Kb2 Rh3 50. Kxa2 Kxd4
51. Ne6+ Ke3 52. Re1+ Kd2 53. Re5 c3 54. Rc5 Bd7 55. Nd4 Be8 56. Rc7 Rd3 57.
Nb3+ Kd1 58. Ka3 c2 59. Kb2 Rxb3+ 60. Kxb3 c1=Q 61. Rxc1+ Kxc1 62. Kc3 Kd1
63. Kd3 Ke1 64. Ke3 {Black forfeits on time} 1-0

[Event "ICCopen2017"]
[Site "Internet Chess Club"]
[Date "2017.03.19"]
[Round "3"]
[White "Hesham-A"]
[Black "BronStorm"]
[Result "1-0"]
[ICCResult "Black forfeits on time"]
[WhiteElo "2513"]
[BlackElo "1876"]
[Opening "French: King's Indian attack"]
[ECO "C00"]
[NIC "FR.02"]
[Time "19:35:51"]
[TimeControl "180+0"]

1. e4 e6 2. d3 d5 3. Nd2 Nf6 4. Ngf3 Nc6 5. g3 b6 6. Bg2 dxe4 7. dxe4 Ba6 8.
e5 Nd5 9. a3 Nde7 10. b4 Qd7 11. c4 Bb7 12. Bb2 O-O-O 13. O-O h6 14. Nb3 Nf5
15. Qxd7+ Rxd7 16. b5 Na5 17. Nxa5 bxa5 18. Rfd1 Bc5 19. Rxd7 Kxd7 20. g4
Ne7 21. Rd1+ Kc8 22. Bc3 Bxa3 23. Bxa5 Rd8 24. Rxd8+ Kxd8 25. Nd4 Bxg2 26.
Kxg2 Ng6 27. Nc6+ Kd7 28. Bd2 Bc5 29. f4 Ne7 30. Nb8+ Kc8 31. Na6 Bd4 32.
Bb4 Ng6 33. Kf3 Kd7 34. Ke4 Bg1 35. c5 Bxh2 36. c6+ Kc8 37. Bd2 Bg1 38. f5
{Black forfeits on time}
1-0

[Event "ICCopen2017"]
[Site "Internet Chess Club"]
[Date "2017.03.19"]
[Round "3"]
[White "colombier"]
[Black "beaupre"]
[Result "0-1"]
[ICCResult "White resigns"]
[WhiteElo "1370"]
[BlackElo "1788"]
[Opening "Sicilian: Hungarian variation"]
[ECO "B34"]
[NIC "SI.43"]
[Time "19:35:46"]
[TimeControl "180+0"]

1. e4 c5 2. Nf3 g6 3. d4 cxd4 4. Nxd4 Bg7 5. Nc3 Nc6 6. Be3 Nf6 7. Qd2 O-O
8. Be2 d5 9. f3 dxe4 10. Nxc6 bxc6 11. fxe4 Be6 12. Qc1 Qa5 13. O-O Rad8 14.
Bd2 Qb6+ 15. Kh1 Nd7 16. Be3 Qc7 17. Qe1 Ne5 18. Qf2 Ra8 19. Bf4 Qa5 20. Bd2
Qc7 21. Bf4 Qc8 22. Rad1 Bg4 23. Qh4 Bxe2 24. Nxe2 e6 25. Bh6 Qe8 26. Bxg7
Kxg7 27. Nf4 f6 28. Qg3 Kh8 29. Rd6 Rd8 30. Rxe6 Qf7 31. Rxe5 fxe5 32. Nxg6+
Qxg6 33. Rxf8+ Rxf8 34. Qe1 Qxe4 {White resigns} 0-1

[Event "ICCopen2017"]
[Site "Internet Chess Club"]
[Date "2017.03.19"]
[Round "3"]
[White "Chisel"]
[Black "unkavalo"]
[Result "0-1"]
[ICCResult "White resigns"]
[WhiteElo "1754"]
[BlackElo "2509"]
[Opening "Caro-Kann: Rasa-Studier gambit"]
[ECO "B15"]
[NIC "CK.05"]
[Time "19:35:50"]
[TimeControl "180+0"]

1. e4 c6 2. Nc3 d5 3. d4 dxe4 4. f3 e3 5. Bxe3 Nf6 6. Bc4 Bf5 7. Nge2 e6 8.
Ng3 Bg6 9. Nce4 Nd5 10. Bd2 Nd7 11. O-O Be7 12. c3 O-O 13. Qe2 a5 14. Rae1
a4 15. a3 Qc7 16. Bd3 Rfe8 17. f4 Qb6 18. Bc1 c5 19. f5 exf5 20. Nxf5 cxd4
21. Nxd4 Bf8 22. Qc2 Rac8 23. Kh1 Ne5 24. Nf5 Nxd3 25. Qxd3 Rcd8 26. Qh3 Qa6
27. Bg5 f6 28. c4 Qxc4 29. Nxf6+ gxf6 30. Bxf6 Nxf6 31. Nd6 Rxd6 {White
resigns} 0-1

[Event "ICCopen2017"]
[Site "Internet Chess Club"]
[Date "2017.03.19"]
[Round "3"]
[White "manest"]
[Black "Reti"]
[Result "1-0"]
[ICCResult "Black forfeits on time"]
[WhiteElo "2851"]
[BlackElo "2240"]
[Opening "QGD Slav: 4.e3 Bf5"]
[ECO "D12"]
[NIC "SL.01"]
[Time "19:34:47"]
[TimeControl "180+0"]

1. d4 d5 2. c4 c6 3. Nf3 Nf6 4. e3 Bf5 5. Nc3 e6 6. Nh4 Bg6 7. Nxg6 hxg6 8.
Rb1 Nbd7 9. c5 e5 10. b4 a6 11. g3 Be7 12. Bg2 Qc7 13. O-O Nf8 14. a4 Ne6
15. b5 axb5 16. axb5 exd4 17. exd4 O-O 18. Be3 Ra3 19. Rb3 Ra5 20. Qd3 Rfa8
21. Rfb1 Ra1 22. h3 Rxb1+ 23. Qxb1 Qc8 24. Rb2 Nd7 25. Ra2 Bf6 26. Rxa8 Qxa8
27. bxc6 bxc6 28. Ne2 Qa6 29. Qd1 Qc4 30. h4 g5 31. h5 Ndf8 32. Bh3 Kh8 33.
Bf5 Kg8 34. Qd3 Qb4 35. Kg2 Qa4 36. Qc2 Qb4 37. Qd3 Qa4 38. Bg4 Qb4 39. Kh3
Qa4 40. Bf5 Qb4 41. Kg2 Qa4 42. Qc3 Kh8 43. Bc2 Qa2 44. Qb3 Qa1 45. Qd3 Kg8
46. Qf5 Qb2 47. Qd3 Qa1 48. g4 Kh8 49. f4 gxf4 50. Nxf4 Nxf4+ 51. Bxf4 Qxd4
52. Qxd4 Bxd4 53. Ba4 Ne6 54. Bc1 Nxc5 55. Bxc6 Nd3 56. Bd2 Be5 57. Kf3 d4
58. Ke4 Nf2+ 59. Kxe5 Nxg4+ 60. Kxd4 Nf6 61. h6 gxh6 62. Bxh6 Ng4 63. Bf4
Kg7 64. Bf3 Nh6 65. Ke5 f6+ 66. Ke6 Kg6 67. Be4+ Kh5 68. Kxf6 Ng4+ 69. Kf5
Nf2 70. Bf3+ Kh4 71. Bd5 Nh3 72. Bd6 Kh5 73. Bf3+ {Black forfeits on time}
1-0

[Event "ICCopen2017"]
[Site "Internet Chess Club"]
[Date "2017.03.19"]
[Round "3"]
[White "Trentosk"]
[Black "MDRAFE3"]
[Result "1-0"]
[ICCResult "Black checkmated"]
[WhiteElo "2526"]
[BlackElo "1911"]
[Opening "Queen's pawn, Mason variation, Steinitz counter-gambit"]
[ECO "D00"]
[NIC "QP.08"]
[Time "19:34:41"]
[TimeControl "180+0"]

1. d4 d5 2. Bf4 c5 3. e4 dxe4 4. d5 Nf6 5. Nc3 g6 6. Qe2 Bg7 7. O-O-O O-O 8.
Nxe4 Nxe4 9. Qxe4 Nd7 10. Qe3 Qb6 11. c3 Nf6 12. h3 Bd7 13. Nf3 Qa5 14. Kb1
Bf5+ 15. Ka1 Ne4 16. Be5 Bxe5 17. Nxe5 Nd6 18. g4 Bc8 19. f3 b6 20. h4 f6
21. Nc6 Qa4 22. b3 Qa3 23. h5 g5 24. Nxe7+ Kg7 25. h6+ Kh8 26. Bd3 c4 27.
Bc2 cxb3 28. Bxb3 Bd7 29. Nc6 Rae8 30. Qc1 Qc5 31. Nd4 a5 32. Rde1 a4 33.
Bd1 Qxd5 34. Rxe8 Rxe8 35. Be2 Nc4 36. Bxc4 Qxc4 37. Re1 Rc8 38. Re3 Be8 39.
Nf5 Bg6 40. Qe1 a3 41. Nd6 Qc7 42. Nxc8 Qxc8 43. Qd2 Qc7 44. Re1 Qc8 45. Qd4
b5 46. Qxf6+ Kg8 47. Qg7# {Black checkmated} 1-0